 Dungeon Crawl Stone Soup version 0.27.0-1-g7a08968 (webtiles) character file.

Game seed: 16240532766802772885

249 Karl the Conjurer (level 6, -12/37 HPs)
             Began as an Octopode Conjurer on May 18, 2022.
             Was an Initiate of Cheibriados.
             Mangled by an ogre (35 damage)
             ... on level 5 of the Dungeon.
             The game lasted 00:27:43 (4889 turns).

Karl the Conjurer (Octopode Conjurer)               Turns: 4889, Time: 00:27:43

Health: -12/37     AC:  1    Str: 13    XL:     6   Next: 12%
Magic:  18/18      EV: 13    Int: 23    God:    Cheibriados [......]
Gold:   184        SH:  0    Dex: 12    Spells: 0/10 levels left

rFire    . . .     SeeInvis .   b - staff of poison
rCold    . . .     Faith    .   (no shield)
rNeg     . . .     Spirit   .   (helmet restricted)
rPois    +         Reflect  .   (no amulet)
rElec    .         Harm     .   a - ring of magical power
rCorr    .         Rampage  .   o - +6 ring of strength
Will     .....                  (no ring)
Stlth    +++.......             (no ring)
HPRegen  0.12/turn              (no ring)
MPRegen  0.16/turn              (no ring)
                                (no ring)
                                (no ring)

@: very slow
A: almost no armour, amphibious, 8 rings, camouflage 1, gelatinous body 1,
(nimble swimmer 1), tentacles
a: Renounce Religion, Bend Time


You were on level 5 of the Dungeon.
You worshipped Cheibriados.
Cheibriados was noncommittal.
You visited 2 branches of the dungeon, and saw 6 of its levels.

You collected 184 gold pieces.

Inventory:

Missiles
 c - 13 poisoned darts
 r - 3 boomerangs
Magical Staves
 b - a staff of poison (weapon)
Jewellery
 a - a ring of magical power (left tentacle)
 o - a +6 ring of strength (right tentacle)
 s - an amulet of faith
Wands
 e - a wand of digging (6)
 h - a wand of iceblast (4)
Scrolls
 d - 4 scrolls of enchant weapon {unknown}
 g - 2 scrolls of enchant armour {unknown}
 i - a scroll of immolation {unknown}
 k - a scroll of noise {unknown}
 n - 2 scrolls of fog {unknown}
Potions
 f - 2 potions of invisibility
 j - a potion of lignification
 l - 2 potions of curing
 m - a potion of flight {unknown}
 p - a potion of heal wounds {unknown}
 q - a potion of haste {unknown}


   Skills:
 * Level 0.7 Fighting
 * Level 0.6 Staves
 * Level 0.7 Throwing
 + Level 2.1 Dodging
 * Level 3.4 Stealth
 * Level 0.3 Unarmed Combat
 * Level 2.5 Spellcasting
 * Level 4.9 Conjurations
 * Level 0.3 Hexes
 * Level 0.2 Summonings
 * Level 0.4 Necromancy
 * Level 1.2 Translocations
 * Level 0.3 Transmutations
 * Level 1.0 Fire Magic
 * Level 0.9 Ice Magic
 * Level 1.1 Air Magic
 * Level 0.2 Earth Magic
 * Level 1.0 Poison Magic
 * Level 1.0 Invocations
 * Level 0.9 Evocations


You couldn't memorise any spells.
You knew the following spells:

 Your Spells              Type           Power      Damage    Failure   Level
a - Magic Dart            Conj           100%       1d8       1%          1
b - Searing Ray           Conj           50%        3d5       2%          2
c - Dazzling Flash        Conj/Hex       30%        N/A       12%         3
d - Iskenderun's Mystic   Conj/Tloc      17%        2d5       32%         4

Your spell library contained the following spells:

 Spells                   Type           Power      Damage    Failure   Level
 Fulminant Prism          Conj/Hex       7%         3d7       38%         4
 Leda's Liquefaction      Hex/Erth       2%         N/A       73%         4
 Bolt of Magma            Conj/Fire/Erth 6%         4d6       82%         5
 Statue Form              Tmut/Erth      2%         N/A       100%        6


Dungeon Overview and Level Annotations

Branches:
Dungeon (5/15)             Temple (1/1) D:5

Altars:
Ashenzari
Cheibriados
Dithmenos
Gozag
Kikubaaqudgha
Nemelex Xobeh
Okawaru
Sif Muna
Trog
Xom
Yredelemnul
Zin

Shops:
D:2 [


Innate Abilities, Weirdness & Mutations

You cannot wear most types of armour.
You are amphibious.
You can wear up to eight rings at the same time.
Your skin changes colour to match your surroundings (Stealth+).
Your rubbery body absorbs attacks. (AC +1, EV +1)
((You are camouflaged near water. (Stealth+)))
You have tentacles for arms and can constrict up to eight enemies at once.


Message History

Found an ancient bone altar of Kikubaaqudgha.
There is an open door here.
There is an open door here.
You open the door.
Found an iron altar of Okawaru.
There is an open door here.
There is an open door here.
You open the door.
Found a basalt altar of Yredelemnul.
There is an open door here.
There is an open door here.
You open the door.
Found a glowing silver altar of Zin.
There is an open door here.
There is an open door here.
You open the door.
Found a snail-covered altar of Cheibriados.
There is an open door here.
There is a snail-covered altar of Cheibriados here.
You curl up in front of the altar of Cheibriados.
Cheibriados welcomes you!
Cheibriados begins to support your attributes as your movement slows.
You can now bend time to slow others.
Unknown command.
Press < or > to pray at altars.
There is an open door here.
You open the door.
There is an open door here.
There is a staircase back to the Dungeon here.
There is a staircase back to the Dungeon here.
You climb upwards.
Welcome back to the Dungeon!
The iguana hisses angrily.
A wight comes into view. It is wielding a +0 flail.
The orc hits you with a +0 hand axe. The ogre barely misses you.
There is a staircase to the Ecumenical Temple, spattered with blood here.
The scorpion stings you. The iguana bites you!
The ogre hits you with a +0 giant club!!
Ouch! That really hurt!
You die...

#.## .. #... ...#
#...##########.#.#
#.#...<........(.#.#
..............#......
##.#................
#########.#.#.######
..............z...
##....$#)8@#...#
.....#...Ool.#...
#..#...8.>s8...#
##...#....h..#...#
#.....#.8.#...#.#
#...(.....?.### #
#......#.#.##
....#.....#
.......#..#


You could see an ogre, a scorpion, an iguana, a hound, a wight (wandering) and
an orc.

Vanquished Creatures
  A hound (D:4)
  An orc priest (D:4)
  An iguana (D:3)
  3 gnolls (D:3)
  6 adders
  2 worms (D:3)
  7 orcs
  4 ball pythons
  6 endoplasms
  3 giant cockroaches
  6 goblins
  4 hobgoblins
  4 jackals (D:1)
  8 kobolds
  4 quokkas
  4 bats
  A frilled lizard (D:3)
  A quokka skeleton (D:4)
  5 rats
71 creatures vanquished.

Vanquished Creatures (others)
  2 fungi (D:1)
2 creatures vanquished.

Grand Total: 73 creatures vanquished

Notes
Turn   | Place    | Note
-------+----------+-------------------------------------------
     0 | D:1      | Karl the Octopode Conjurer began the quest for the Orb.
     0 | D:1      | Reached XP level 1. HP: 11/11 MP: 3/3
   307 | D:1      | Reached XP level 2. HP: 11/18 MP: 5/5
   317 | D:1      | Learned a level 2 spell: Searing Ray
   978 | D:1      | Reached XP level 3. HP: 22/22 MP: 6/6
  1134 | D:1      | Found a faded altar of an unknown god.
  1534 | D:2      | Found Aro Exe's Armour Emporium.
  2027 | D:3      | Reached skill level 1 in Translocations
  2027 | D:3      | Reached XP level 4. HP: 8/27 MP: 7/7
  2033 | D:3      | Found an opulent altar of Gozag.
  2279 | D:3      | Reached skill level 1 in Air Magic
  2283 | D:3      | Learned a level 3 spell: Dazzling Flash
  2430 | D:3      | Reached XP level 5. HP: 14/32 MP: 2/8
  2713 | D:3      | Found a sparkling altar of Nemelex Xobeh.
  3157 | D:3      | Found a shimmering blue altar of Sif Muna.
  3651 | D:4      | Reached skill level 1 in Invocations
  4323 | D:4      | Reached skill level 1 in Fire Magic
  4323 | D:4      | Reached skill level 1 in Poison Magic
  4323 | D:4      | Reached XP level 6. HP: 33/37 MP: 9/9
  4328 | D:4      | Learned a level 4 spell: Iskenderun's Mystic Blast
  4737 | D:5      | Entered Level 5 of the Dungeon
  4741 | D:5      | Found a staircase to the Ecumenical Temple.
  4751 | Temple   | Entered the Ecumenical Temple
  4874 | Temple   | Became a worshipper of Cheibriados the Contemplative
  4889 | D:5      | Mangled by an ogre

Illustrated notes

Levels and vault maps discovered:
D:1:      matt_arrival_refuge, layout_loops_ring,
          shapermc_ecumenical_altar_petra, minivault_24,
          minmay_misc_feat_hallway
D:2:      layout_loops_ring, serial_shops, shop_statue
D:3:      kennysheep_big_flooded_room, layout_loops_ring,
          mainiacjoe_overflow_alcove_1, marbit_many_paths,
          mainiacjoe_overflow_alcove_2
D:4:      layout_layer_cave
D:5:      layout_basic, grunt_temple_overflow_forces_of_nature,
          nicolae_ru_sacrificial_ziggurat, general_overflow_altar,
          minmay_temple_entry_sparse_star, ebering_ghost_rock_garden,
          uniq_menkaure
Temple:   nicolae_temple_figure_zero

Skill      XL: |  1  2  3  4  5 |
---------------+----------------+-----
Translocations | 1 |  1.2
Air Magic      | 1 |  1.1
Stealth        | 3 |  3.4
Invocations    | 1 |  1.0
Fire Magic     | 1 |  1.0
Poison Magic   | 1 |  1.0
Fighting       | |  0.7
Staves         | |  0.6
Throwing       | |  0.7
Dodging        | |  2.1
Unarmed Combat | |  0.3
Spellcasting   | |  2.5
Conjurations   | |  4.9
Hexes          | |  0.3
Summonings     | |  0.2
Necromancy     | |  0.4
Transmutations | |  0.3
Ice Magic      | |  0.9
Earth Magic    | |  0.2
Evocations     | |  0.9

Action                   |  1- 3 |  4- 6 || total
-------------------------+-------+-------++-------
Melee: Staff             |    32 |     4 ||    36
       Tentacles         |     7 |       ||     7
       Short sword       |     2 |       ||     2
       Constrict         |     6 |     1 ||     7
Throw: Dart              |       |     5 ||     5
 Cast: Magic Dart        |    52 |    67 ||   119
       Searing Ray       |       |     6 ||     6
       Dazzling Flash    |       |     1 ||     1
  Use: Scroll            |     4 |     2 ||     6
       Potion            |       |     1 ||     1
Armor: Skin              |     2 |     1 ||     3
Dodge: Dodged            |    18 |    13 ||    31
